 Dungeon Crawl Stone Soup version 0.18-a0-1211-g828307d (webtiles) character file.

22549 Chiseanne the Blocker (level 12, -2/106 HPs)
             Began as a Centaur Air Elementalist on Feb 1, 2016.
             Was an Initiate of Gozag.
             Slain by an ice beast (6 damage)
             ... summoned by an ice statue
             ... in an ice cave on Feb 2, 2016.
             The game lasted 00:58:22 (25777 turns).

Chiseanne the Blocker (Centaur Air Elementalist)   Turns: 25777, Time: 00:58:23

Health: -2/106     AC: 13    Str: 13    XL:     12   Next: 64%
Magic:  14/14      EV:  8    Int: 18    God:    Gozag
Gold:   944        SH: 16    Dex: 12    Spells: 1 memorised, 13 levels left

rFire  . . .     SeeInvis .     d - +2 scimitar (flame)
rCold  + . .     Gourm    .     o - +2 robe {rC+}
rNeg   . . .     Faith    .     g - +0 large shield
rPois  +         Spirit   .     P - +2 hat
rElec  .         Dismiss  .     F - +0 cloak {rPois}
rCorr  +         Reflect  .     O - +2 pair of gloves
SustAt .         Harm     .     (no barding)
MR     .....                    (no amulet)
Stlth  +.........               I - +3 ring of strength
                                E - ring of resist corrosion

@: very slightly contaminated, hasted, very quick, not resistant to hostile
enchantments, very unstealthy
A: hooves 3, deformed body, speed 2, tough skin 3
a: Potion Petition, Call Merchant, Bribe Branch, Renounce Religion


You were in an ice cave.
You worshipped Gozag.
Gozag was noncommittal.
You were not hungry.

You visited 3 branches of the dungeon, and saw 15 of its levels.
You also visited: Sewer and Ice Cave.

You collected 3069 gold pieces.
You spent 217 gold pieces at shops.
You paid 1908 gold pieces to Gozag.

Inventory:

Hand Weapons
 a - a +5 short sword of venom
 d - a +2 scimitar of flaming (weapon)
 s - a +2 mace of protection
 w - a +0 blowgun
Missiles
 r - 5 tomahawks (quivered)
 u - 77 bolts
 y - 21 steel bolts
 A - 18 sling bullets
 D - 17 poisoned needles
Armour
 g - a +0 large shield (worn)
 o - a +2 robe of cold resistance (worn)
 p - a +2 ring mail of magic resistance
 t - a +2 scale mail of positive energy
 F - a +0 cloak of poison resistance (worn)
 J - a +1 chain mail of fire resistance
 N - a +2 robe of magic resistance
 O - a +2 pair of gloves (worn)
 P - a +2 hat (worn)
Jewellery
 q - an uncursed ring of teleportation
 E - a ring of resist corrosion (left hand)
 I - a +3 ring of strength (right hand)
Wands
 C - a wand of hasting (4/9)
Scrolls
 i - 4 scrolls of amnesia
 k - 7 scrolls of remove curse
 n - 5 scrolls of teleportation
 x - 4 scrolls of noise
 H - 2 scrolls of blinking
Potions
 e - 3 potions of resistance {unknown}
 f - 2 potions of ambrosia {unknown}
 h - 4 potions of flight {unknown}
 l - 2 potions of poison {unknown}
 m - 3 potions of curing
 v - 3 potions of cure mutation {unknown}
 z - 2 potions of brilliance
 B - a potion of haste
 G - 2 potions of lignification {unknown}
 K - a potion of mutation {unknown}
 Q - a potion of magic {unknown}
Books
 b - a book of Air

   Spells                             Type                      Level
   a - Shock                          Conjuration/Air              1
   b - Swiftness                      Charms/Air                   2
   c - Repel Missiles                 Charms/Air                   2
   d - Static Discharge               Conjuration/Air              3
   e - Lightning Bolt                 Conjuration/Air              5
 L - a Necronomicon

   Spells                             Type                      Level
   a - Haunt                          Necromancy/Summoning         7
   b - Borgnjor's Revivification      Necromancy                   8
   c - Death's Door                   Charms/Necromancy            8
   d - Necromutation                  Transmutation/Necromancy     8
Comestibles
 c - 6 bread rations
 M - 2 meat rations


   Skills:
 + Level 9.7 Fighting
 * Level 10.1 Armour
 - Level 1.5 Dodging
 - Level 1.2 Stealth
 * Level 10.7 Shields
 - Level 1.5 Spellcasting
 - Level 0.8 Conjurations
 - Level 2.6 Air Magic


You had 13 spell levels left.
You knew the following spells:

 Your Spells              Type           Power        Failure   Level  Hunger
a - Shock                 Conj/Air       #...         24%         1    ##.....


Dungeon Overview and Level Annotations

Branches:
Dungeon (13/15)            Temple (1/1) D:7            Lair (0/8) D:8
    Orc (1/2) D:9
 Vaults: D:13-14

Altars:
Ashenzari
Cheibriados
Dithmenos
Elyvilon
Fedhas
Gozag
Kikubaaqudgha
Makhleb
Nemelex Xobeh
Okawaru
Pakellas
Qazlal
Ru
Sif Muna
Trog
Vehumet
Xom
Yredelemnul
Zin
The Shining One

Shops:
D:6 (   D:9 %   D:11 (   D:12 (

Annotations:
D:13 Frances IceCv exclusion: 2 ice statues


Innate Abilities, Weirdness & Mutations

You have hooves in place of feet.
Armour fits poorly on your strangely shaped body.
You cover ground very quickly.
You have extremely tough skin (AC +3).


Message History

The ice beast is severely wounded.
The ice beast closely misses you.
The ice beast hits you but does no damage.
You closely miss the ice beast. You kick the ice beast.
The ice beast is severely wounded.
The ice beast hits you.
* * * LOW HITPOINT WARNING * * *
The ice beast freezes you. You resist.
* * * LOW HITPOINT WARNING * * *
You block the ice beast's attack. The ice beast hits you.
* * * LOW HITPOINT WARNING * * *
The ice beast freezes you. You resist.
* * * LOW HITPOINT WARNING * * *
Your shield prevents you from hitting the ice beast.
The ice beast is severely wounded.
The ice beast hits you.
* * * LOW HITPOINT WARNING * * *
The ice beast freezes you. You resist.
You die...
Your body crumbles into a pile of gold.

####
#.[##
##..[#
#..YY#
##..$@#
#...Y##
##.#.##
#. ###..#
#..##§..#
#....§..#
##...#..#
##..#..##
####...#


You could see 3 ice beasts.

Vanquished Creatures
  A centaur warrior (D:13)
  2 unseen horrors (D:13)
  7 hill giants
  2 deep elf magi
  3 ugly things
  Pikel (D:5)
  2 cyclopes
  A manticore (D:12)
  An efreet (D:13)
  An ice devil (IceCv)
  2 trolls
  3 slime creatures (D:12)
  A blink frog (D:8)
  A spriggan (D:7)
  2 wraiths (D:13)
  Sigmund (D:6)
  3 wyverns
  19 yaks
  2 hippogriffs
  A basilisk (D:11)
  Menkaure (D:7)
  A soldier ant (D:10)
  4 ice beasts
  An eye of draining (D:8)
  9 orc warriors
  A wasp (D:13)
  9 ogres
  A necrophage (D:8)
  4 phantoms
  8 centaurs
  A crocodile (D:10)
  2 big kobolds
  Blork the orc (D:5)
  9 giant frogs
  5 scorpions
  7 killer bees
  A water moccasin skeleton (D:10)
  9 wights
  6 crimson imps
  A wasp zombie (D:6)
  A giant frog zombie (D:10)
  2 giant frog skeletons (D:5)
  3 centaur skeletons
  15 hounds
  Crazy Yiuf (D:3)
  13 orc priests
  2 gnoll shamans
  5 jellies
  24 orc wizards
  3 iguanas
  7 worker ants
  A hound zombie (D:5)
  2 hound skeletons
  3 worker ant zombies
  17 gnolls
  14 adders
  9 river rats (Sewer)
  3 shadow imps
  15 white imps
  2 ufetubi (IceCv)
  3 oozes
  An adder skeleton (D:7)
  5 worms
  7 giant geckos
  72 orcs
  5 giant cockroaches
  8 goblins
  5 hobgoblins
  7 jackals
  9 kobolds
  7 quokkas
  7 ball pythons
  7 bats
  13 giant newts
  A quokka zombie (D:8)
  17 rats
  A fungus (D:3)
454 creatures vanquished.

Vanquished Creatures (others)
  A crimson imp (D:5)
  A white imp (IceCv)
  5 ufetubi (IceCv)
  An orc (Orc:1)
8 creatures vanquished.

Grand Total: 462 creatures vanquished

Notes
Turn   | Place    | Note
--------------------------------------------------------------
     0 | D:1      | Chiseanne the Centaur Air Elementalist began the quest for the Orb.
     0 | D:1      | Reached XP level 1. HP: 14/14 MP: 3/3
   238 | D:1      | Reached XP level 2. HP: 19/22 MP: 4/4
   402 | D:1      | Reached skill level 1 in Fighting
   714 | D:1      | Reached skill level 1 in Shields
  1425 | D:2      | Reached XP level 3. HP: 22/29 MP: 5/5
  2875 | D:3      | Reached XP level 4. HP: 22/37 MP: 6/6
  3430 | D:3      | Found a shattered altar of Ashenzari.
  3726 | D:3      | Reached XP level 5. HP: 36/42 MP: 7/7
  3999 | D:3      | Noticed Crazy Yiuf
  4030 | D:3      | Killed Crazy Yiuf
  4478 | D:3      | Reached skill level 3 in Fighting
  4871 | D:4      | Reached XP level 6. HP: 41/51 MP: 8/8
  5123 | D:4      | Reached skill level 1 in Armour
  5393 | D:4      | Reached XP level 7. HP: 30/58 MP: 9/9
  5613 | D:4      | Reached skill level 4 in Shields
  5733 | D:4      | Found a deep blue altar of Sif Muna.
  6066 | D:5      | Entered Level 5 of the Dungeon
  6071 | D:5      | Noticed Blork the orc
  6100 | D:5      | Killed Blork the orc
  6447 | D:5      | Found a blossoming altar of Fedhas.
  6500 | D:5      | Found a glowing drain.
  6528 | Sewer    | Entered a sewer
  7251 | D:5      | Noticed a hill giant
  7263 | D:5      | Noticed Pikel
  7284 | D:5      | Killed a hill giant
  7284 | D:5      | Reached skill level 5 in Shields
  7284 | D:5      | Reached XP level 8. HP: 34/67 MP: 10/10
  7474 | D:5      | Killed Pikel
  7474 | D:5      | Reached skill level 5 in Fighting
  7619 | D:5      | Found a blossoming altar of Fedhas.
  7839 | D:5      | Found a shadowy altar of Dithmenos.
  8186 | D:6      | Noticed Sigmund
  8208 | D:6      | Killed Sigmund
  8208 | D:6      | Reached XP level 9. HP: 64/74 MP: 11/11
  8280 | D:6      | Reached skill level 6 in Shields
  8800 | D:6      | Reached skill level 5 in Armour
  9645 | D:6      | Found Pecworeh's Weapon Shop.
 10135 | D:6      | Found an opulent altar of Gozag.
 10143 | D:6      | Became a worshipper of Gozag Ym Sagoz the Greedy
 10359 | D:7      | Found a staircase to the Ecumenical Temple.
 10447 | Temple   | Entered the Ecumenical Temple
 10722 | D:7      | Found a burning altar of Makhleb.
 11182 | D:7      | Noticed Menkaure
 11206 | D:7      | Killed Menkaure
 11571 | D:7      | Reached skill level 7 in Shields
 12293 | D:8      | Found a staircase to the Lair.
 12315 | D:8      | Reached XP level 10. HP: 76/84 MP: 12/12
 12768 | D:8      | HP: 3/84 [orc priest/divine providence (13)]
 12776 | D:8      | HP: 3/84 [orc wizard/magic dart (3)]
 13534 | D:9      | Bought a slice of pizza for 21 gold pieces
 13534 | D:9      | Bought 3 fruits for 63 gold pieces
 13534 | D:9      | Bought a beef jerky for 21 gold pieces
 13567 | D:9      | Found a shimmering altar of Xom.
 14301 | D:9      | Reached skill level 8 in Shields
 15493 | D:9      | Found a white marble altar of Elyvilon.
 15497 | D:9      | Found a radiant altar of Vehumet.
 15500 | D:9      | Found a deep blue altar of Sif Muna.
 15574 | D:9      | Found a staircase to the Orcish Mines.
 15707 | D:10     | Entered Level 10 of the Dungeon
 17428 | D:11     | Reached XP level 11. HP: 64/93 MP: 13/13
 17647 | D:11     | Noticed a hill giant
 17667 | D:11     | Killed a hill giant
 17943 | D:11     | Noticed a hill giant
 17980 | D:11     | Killed a hill giant
 18359 | D:11     | Reached skill level 9 in Shields
 18382 | D:11     | Noticed a cyan ugly thing
 18392 | D:11     | Killed a cyan ugly thing
 18969 | D:11     | Noticed a brown ugly thing
 18972 | D:11     | Noticed a hill giant
 18993 | D:11     | Killed a brown ugly thing
 19046 | D:11     | Killed a hill giant
 19511 | D:11     | Noticed a hill giant
 19540 | D:11     | Killed a hill giant
 20103 | D:11     | Noticed a hill giant
 20125 | D:11     | Killed a hill giant
 20363 | D:12     | Noticed a hill giant
 20387 | D:12     | Killed a hill giant
 21441 | D:12     | Noticed a white ugly thing
 21575 | D:12     | Killed a white ugly thing
 22289 | D:12     | Reached XP level 12. HP: 41/104 MP: 14/14
 22676 | D:12     | Reached skill level 10 in Shields
 23731 | D:12     | Bought a glowing rapier for 112 gold pieces
 23737 | D:12     | Upgraded the game from 0.18-a0-1203-gbde16db to 0.18-a0-1211-g828307d
 23817 | D:13     | Noticed a centaur warrior
 23845 | D:13     | Killed a centaur warrior
 24425 | D:13     | Reached skill level 10 in Armour
 24672 | D:13     | Noticed Frances
 24949 | Orc:1    | Entered Level 1 of the Orcish Mines
 25205 | Orc:1    | Found a frozen archway.
 25224 | IceCv    | Entered an ice cave
 25767 | IceCv    | HP: 2/106 [ice beast[an ice statue] (4)]
 25777 | IceCv    | HP: 4/106 [ice beast[an ice statue] (5)]
 25777 | IceCv    | Slain by an ice beast

Vault maps used:
D:1:      scummos_arrival_hexagon
D:3:      nicolae_ashenzari_panopticon, first_bread, uniq_crazy_yiuf_cottage
D:4:      roderic_curled_sauvastika, tgw_sif
D:5:      nicolae_dithmenos_through_a_glass_darkly, lemuel_round_altar,
          basic_altar, portal_sewer_entry_b, uniq_pikel, uniq_blork_the_orc
D:6:      nicolae_gozag_cash_rules_everything_around_me, serial_shops, shop,
          uniq_sigmund
D:7:      kennysheep_spiral_hall, overflow_temple_1_default,
          minmay_temple_entry_butterflies, the_bakery, uniq_menkaure
D:8:      dpeg_lair_monsters, serial_glass, glass_columns_a, glass_columns_a
D:9:      minmay_overflow_temple_star_quad, david_orc_4, basic_altar
D:12:     onia_ninara_dug_in_and_dangerous
D:13:     david_vaults_5, kennysheep_generic_room_5, uniq_frances
Temple:   hc_temple_tempest_star
Orc:1:    portal_ice_cave_entry_imps, amalloy_card_club
Sewer:    sewer_co_cracked_pipes
IceCv:    ice_cave_small_demon

Action                   |  1- 3 |  4- 6 |  7- 9 | 10-12 || total
-------------------------+-------+-------+-------+-------++-------
Melee: Whip              |    32 |    38 |    79 |    25 ||   174
       Spear             |   138 |       |       |       ||   138
       Short sword       |       |   133 |   546 |  1300 ||  1979
       Mace              |       |       |       |    94 ||    94
       Scimitar          |       |       |       |    57 ||    57
 Fire: Blowgun           |       |       |       |    58 ||    58
Throw: Tomahawk          |       |     3 |     5 |       ||     8
 Cast: Shock             |     1 |       |       |       ||     1
Invok: Call Merchant     |       |       |       |     3 ||     3
Evoke: Wand              |       |       |     1 |    12 ||    13
  Use: Scroll            |     5 |     3 |    11 |     5 ||    24
       Potion            |     1 |       |     1 |    16 ||    18
 Stab: Distracted        |       |       |       |     2 ||     2
  Eat: Chunk             |     5 |     7 |    12 |       ||    24
       Beef jerky        |       |       |     1 |     2 ||     3
       Pizza             |       |       |     2 |     1 ||     3
       Meat ration       |       |       |     1 |     2 ||     3
       Fruit             |       |       |       |     3 ||     3
       Royal jelly       |       |       |       |     1 ||     1
       Bread ration      |       |       |       |     5 ||     5
